 Dungeon Crawl Stone Soup version 0.27.1-34-g3ba077fa99 (webtiles) character file.

Game seed: 13751606761376892566

37 cbfl8 the Sneak (level 3, -3/33 HPs)
             Began as a Minotaur Delver on Jan 14, 2022.
             Succumbed to a scorpion's poison
             ... on level 4 of the Dungeon.
             The game lasted 00:04:39 (1151 turns).

cbfl8 the Sneak (Minotaur Delver)                   Turns: 1151, Time: 00:04:40

Health: -3/33      AC:  3    Str: 16    XL:     3   Next: 21%
Magic:  2/2        EV: 16    Int:  8    God:
Gold:   7          SH:  0    Dex: 11    Spells: 2/2 levels left

rFire    . . .     SeeInvis .   a - +0 hand axe
rCold    . . .     Faith    .   (no shield)
rNeg     + . .     Spirit   .   b - +0 leather armour
rPois    .         Reflect  .   (helmet restricted)
rElec    .         Harm     .   (no cloak)
rCorr    .         Rampage  .   (no gloves)
Will     .....                  (no boots)
Stlth    ++........             (no amulet)
HPRegen  0.11/turn              i - +4 ring of evasion
MPRegen  0.08/turn              f - ring of positive energy

@: lethally poisoned (-3 -> -25)
A: horns 2, retaliatory headbutt
a: no special abilities


You were on level 4 of the Dungeon.
You visited 2 branches of the dungeon, and saw 3 of its levels.

You collected 7 gold pieces.

Inventory:

Hand Weapons
 a - a +0 hand axe (weapon)
Missiles
 h - 8 boomerangs (quivered)
Armour
 b - a +0 leather armour (worn)
Jewellery
 f - a ring of positive energy (right hand)
 i - a +4 ring of evasion (left hand)
Wands
 g - a wand of digging (3)
Scrolls
 c - a scroll of fog
 d - 2 scrolls of magic mapping
 e - a scroll of fear


   Skills:
 + Level 3.9 Fighting
 + Level 2.5 Axes
 + Level 1.0 Armour
 + Level 2.3 Dodging
 + Level 4.7 Stealth


You had 2 spell levels left.
You didn't know any spells.
Your spell library was empty.

Dungeon Overview and Level Annotations

Branches:
Dungeon (5/15)             Temple (1/1) D:5

Altars:
Ashenzari
Cheibriados
Dithmenos
Elyvilon
Fedhas
Hepliaklqana
Kikubaaqudgha
Makhleb
Nemelex Xobeh
Ru
Sif Muna
Trog
Uskayaw
Wu Jian
Xom
Yredelemnul
Zin
The Shining One

Annotations:
D:5 Sigmund


Innate Abilities, Weirdness & Mutations

You have a pair of horns on your head.
You reflexively headbutt those who attack you in melee.


Message History

You slash the jelly!
Your hands burn!
The jelly is heavily wounded.
The jelly closely misses you. You furiously retaliate!
You headbutt the jelly!
You kill the jelly!
Your Armour skill increases to level 1!
You have reached level 3!
Your experience leads to an increase in your attributes!
Increase (S)trength, (I)ntelligence, or (D)exterity?
You feel clever.
You now have 7 gold pieces.
d - 2 scrolls of magic mapping (gained 1)
A scorpion comes into view.
Found 7 gold pieces.
You barely miss the scorpion. You headbutt the scorpion!
The scorpion is severely wounded.
The scorpion stings you.
You hit the scorpion but do no damage.
The scorpion is severely wounded.
The scorpion stings you. The scorpion closely misses you.
You hit the scorpion but do no damage.
The scorpion is heavily wounded.
The scorpion closely misses you.
You closely miss the scorpion.
The scorpion is heavily wounded.
The scorpion barely misses you. You furiously retaliate!
You headbutt the scorpion. The scorpion stings you!
You are lethally poisoned!
The scorpion poisons you!
You closely miss the scorpion. Your headbutt misses the scorpion.
The scorpion is severely wounded.
You feel very sick. The scorpion stings you!
* * * LOW HITPOINT WARNING * * *
You are more poisoned.
The scorpion poisons you!
Unknown command.
Unknown command.
You hit the scorpion but do no damage. Your headbutt misses the scorpion.
The scorpion is severely wounded.
You die...

. #.# #>......#
#.# #.##.#..# #.#
#.##....# #.#
#.##....# #.#
#.##..(># #.#
#.##.#..# #.###.#
#......<#
#.....####>##.#.##
#.###..s@.....#.#
#.............#
#...#.####.##.###
....###.. .... .$
... #.# ..^..###
#. ... #..#### .
... ...# .### #.##


You could see a scorpion.

Vanquished Creatures
  A jelly (D:4)
  An adder (D:5)
2 creatures vanquished.

Notes
Turn   | Place    | Note
-------+----------+-------------------------------------------
     0 | D:5      | cbfl8 the Minotaur Delver began the quest for the Orb.
     0 | D:5      | Reached XP level 1. HP: 19/19 MP: 0/0
    16 | D:5      | Found a staircase to the Ecumenical Temple.
    23 | Temple   | Entered the Ecumenical Temple
   441 | D:5      | Noticed a jelly
   541 | D:5      | Noticed an iguana
   811 | D:5      | Noticed Sigmund
   856 | D:5      | Noticed a black bear
   889 | D:5      | Reached XP level 2. HP: 10/27 MP: 1/1
  1117 | D:4      | Reached skill level 1 in Armour
  1117 | D:4      | Reached XP level 3. HP: 27/33 MP: 2/2
  1138 | D:4      | Noticed a scorpion
  1151 | D:4      | Succumbed to a scorpion's poison

Illustrated notes

Levels and vault maps discovered:
D:4:      layout_loops_ring, minmay_gold_behind_fungi, minmay_quantized,
          uniq_natasha
D:5:      layout_basic, minmay_temple_entry_wispy, kennysheep_pointless_box,
          minmay_pentangle, uniq_blork_the_orc, uniq_sigmund, uniq_ijyb
Temple:   dpeg_five_rooms_temple

Skill      XL: |  1  2 |
---------------+-------+-----
Armour         | 1 |  1.0
Fighting       | |  3.9
Axes           | |  2.5
Dodging        | |  2.3
Stealth        | |  4.7

Action                   || total
-------------------------++-------
Melee: Hand axe          ||    20
       Headbutt          ||     1
  Use: Potion            ||     1
Armor: Leather armour    ||     5
Dodge: Dodged            ||    16
